 Dungeon Crawl Stone Soup version 0.28-b1-25-g9875b3fc8c (webtiles) character file.

Game seed: 13355985012004644457

625 pkoi the Cudgeller (level 7, 0/62 HPs)
             Began as a Minotaur Fighter on Feb 1, 2022.
             Was an Initiate of Ashenzari.
             Slain by an orc wizard (2 damage)
             ... on level 4 of the Dungeon.
             The game lasted 00:03:40 (4034 turns).

pkoi the Cudgeller (Minotaur Fighter)               Turns: 4034, Time: 00:03:41

Health: 0/62       AC:  7    Str: 23    XL:     7   Next: 23%
Magic:  6/6        EV:  9    Int:  5    God:    Ashenzari [......]
Gold:   168        SH:  0    Dex:  9    Spells: 6/6 levels left

rFire   . . .      SeeInvis .   a - +0 flail
rCold   . . .      Faith    .   c - +0 buckler
rNeg    . . .      Spirit   .   b - +0 scale mail
rPois   +          Reflect  .   (helmet restricted)
rElec   .          Harm     .   (no cloak)
rCorr   .          Rampage  .   (no gloves)
Will    .....                   (no boots)
Stlth   ..........              (no amulet)
HPRegen 0.20/turn               h - ring of Curses and Power {rPois, Self, Fort} (curse)
MPRegen 0.10/turn               (no ring)

@: confused, mighty
A: horns 2, retaliatory headbutt
a: Renounce Religion, Curse Item, Shatter the Chains


You were on level 4 of the Dungeon.
You worshipped Ashenzari.
Ashenzari was noncommittal.
You visited 1 branch of the dungeon, and saw 4 of its levels.

You collected 168 gold pieces.

Inventory:

Hand Weapons
 a - a +0 flail (weapon)
Missiles
 f - 8 poisoned darts (quivered)
Armour
 b - a +0 scale mail (worn)
 c - a +0 buckler (worn)
Jewellery
 h - the cursed ring of Curses and Power (left hand) {rPois, Self, Fort}
   (You found it on level 1 of the Dungeon)

   [ring of poison resistance]

   rPois:     It protects you from poison.
   It has a curse which improves the following skills: Introspection: Fighting
   and Spellcasting.
   Fortitude: Armour and Shields.
 i - a +4 ring of evasion
Scrolls
 e - a scroll of amnesia
 g - a scroll of fog {unknown}
 j - 3 scrolls of teleportation
 k - a scroll of fear {unknown}


   Skills:
 + Level 5.4(5.8) Fighting
 + Level 7.7 Maces & Flails
 + Level 5.4(5.8) Armour
 - Level 4.0(4.3) Shields


You had 6 spell levels left.
You didn't know any spells.
Your spell library contained the following spells:

 Spells                   Type           Power      Damage    Failure   Level
 Animate Skeleton         Necr           0%         N/A       86%         1
 Apportation              Tloc           0%         N/A       86%         1
 Summon Small Mammal      Summ           0%         N/A       86%         1
 Corpse Rot               Necr/Air       0%         N/A       94%         2
 Poisonous Vapours        Pois/Air       0%         N/A       94%         2
 Conjure Flame            Conj/Fire      0%         6-21      99%         3
 Ignite Poison            Fire/Tmut/Pois 0%         N/A       99%         3
 Animate Dead             Necr           0%         N/A       100%        4
 Sticky Flame             Conj/Fire      0%         2d3       100%        4
 Borgnjor's Vile Clutch   Necr/Erth      0%         N/A       100%        5
 Death Channel            Necr           0%         N/A       100%        6


Dungeon Overview and Level Annotations

Branches:
Dungeon (4/15)
 Temple: D:4-7

Altars:
Ashenzari
Uskayaw

Shops:
D:2 *   D:4 *


Innate Abilities, Weirdness & Mutations

You have a pair of horns on your head.
You reflexively headbutt those who attack you in melee.


Message History

You hear some strange, mumbled words.
A magic dart appears from out of thin air!
The magic dart hits you. Something hits you.
An orc wizard comes into view. It is wielding a +0 dagger.
The orc wizard hits you but does no damage.
Something hits you.
The orc wizard gestures at you while chanting.
You resist with some effort.
The orc wizard points at you and mumbles some strange words.
The magic dart hits you!
* * * LOW HITPOINT WARNING * * *
You're too confused to move!
Something hits you but does no damage. x3
The orc wizard closely misses you.
Unknown command.
You feel very mighty all of a sudden.
You hear some strange, mumbled words.
Something tries to affect you, but you resist.
You hear some strange, mumbled words.
A magic dart appears from out of thin air!
The magic dart hits you.
* * * LOW HITPOINT WARNING * * *
Something hits you.
* * * LOW HITPOINT WARNING * * *
The orc wizard casts a spell at you.
The orc wizard hits you but does no damage.
You are too confused!
You barely miss something.
Something hits you but does no damage. x3
The orc wizard hits you with a +0 dagger.
* * * LOW HITPOINT WARNING * * *
Unknown command.
You thump the orc wizard! Your headbutt misses the orc wizard.
The orc wizard is heavily wounded.
You feel less confused. Something hits you but does no damage.
Something hits you.
* * * LOW HITPOINT WARNING * * *
The orc wizard hits you but does no damage.
The orc wizard gestures at you while chanting.
You are confused.
You miss the orc wizard. Something hits you.
You die...

#............
#............
.###..........#
#....$........#
#............#
##..........#
#........o.o#
#......).{@#
##...†...{##
##......##
##### #.....##
#...## #..#.##
##...####.###
##...###.## ..#
##....#..# #..
###.....# ..#


You could see 2 orc wizards.

Vanquished Creatures
  2 water moccasins (D:4)
  A phantom (D:4)
  A scorpion (D:4)
  2 centaur zombies
  A hound (D:4)
  A centaur skeleton (D:3)
  A hound skeleton (D:4)
  6 adders
  An ufetubus (D:4)
  A worm (D:2)
  A dart slug (D:3)
  3 orcs
  5 bats
  3 endoplasms
  3 giant cockroaches
  8 goblins
  5 hobgoblins
  3 jackals (D:1)
  5 quokkas
  7 ball pythons
  6 frilled lizards
  5 kobolds
  4 rats
75 creatures vanquished.

Notes
Turn   | Place    | Note
-------+----------+-------------------------------------------
     0 | D:1      | pkoi the Minotaur Fighter began the quest for the Orb.
     0 | D:1      | Reached XP level 1. HP: 19/19 MP: 0/0
    50 | D:1      | Reached skill level 3 in Maces & Flails
   167 | D:1      | Reached XP level 2. HP: 18/26 MP: 1/1
   659 | D:1      | Found a faded altar of an unknown god.
   672 | D:1      | Prayed at the altar of an unknown god.
   672 | D:1      | Became a worshipper of Ashenzari the Shackled
   722 | D:1      | Reached skill level 4 in Maces & Flails
  1076 | D:2      | Found a hide-covered altar of Uskayaw.
  1228 | D:2      | Reached XP level 3. HP: 29/31 MP: 2/2
  1788 | D:2      | Reached skill level 5 in Maces & Flails
  1788 | D:2      | Reached XP level 4. HP: 28/39 MP: 3/3
  1991 | D:2      | Found Tihugradull's Assorted Antiques.
  2441 | D:3      | Reached skill level 6 in Maces & Flails
  2627 | D:3      | Reached XP level 5. HP: 42/46 MP: 4/4
  2958 | D:4      | Noticed a phantom
  2970 | D:4      | Killed a phantom
  2971 | D:4      | Reached XP level 6. HP: 32/53 MP: 5/5
  2973 | D:4      | Reached skill level 7 in Maces & Flails
  3098 | D:4      | Found Judyz's Serpentskin Sales.
  3098 | D:4      | Noticed a water moccasin
  3098 | D:4      | Noticed a water moccasin
  3104 | D:4      | Killed a water moccasin
  3112 | D:4      | Killed a water moccasin
  3113 | D:4      | Reached skill level 5 in Fighting
  3113 | D:4      | Reached skill level 5 in Armour
  3113 | D:4      | Reached XP level 7. HP: 20/61 MP: 6/6
  4032 | D:4      | HP: 2/62 [orc wizard (3)]
  4034 | D:4      | Slain by an orc wizard

Illustrated notes

Levels and vault maps discovered:
D:1:      psy_arrival_wood_between_worlds, layout_basic,
          hellmonk_ecumenical_altar_crossroads, st_stairs_6,
          roderic_roman_lattice, minmay_tiny_reverse_x
D:2:      layout_loops_corners, serial_shops, nicolae_shop_window_shopping,
          basic_altar
D:3:      layout_loops_ring
D:4:      layout_cave_pods, guppyfry_shop_venom

Skill      XL: |  1  2  3  4  5  6 |
---------------+-------------------+-----
Maces & Flails | 3 4 5 6 7 |  7.7
Shields        | 4 |  4.0
Fighting       | 4 5 |  5.4
Armour         | 4 5 |  5.4

Action                   |  1- 3 |  4- 6 |  7- 9 || total
-------------------------+-------+-------+-------++-------
Melee: Flail             |    99 |    79 |    41 ||   219
       Headbutt          |    11 |    17 |     7 ||    35
Invok: Curse Item        |       |     1 |       ||     1
  Use: Potion            |       |     2 |     1 ||     3
       Scroll            |       |     2 |     1 ||     3
Armor: Scale mail        |    51 |    40 |    36 ||   127
Dodge: Dodged            |    48 |    41 |    11 ||   100
Block: Buckler           |    23 |    15 |     6 ||    44
